 Dungeon Crawl Stone Soup version 0.29.0-15-g675c0067aa (webtiles) character file.

Game seed: 4923872277488868995

86 qw the Chopper (level 4, 0/39 HPs)
             Began as a Minotaur Berserker on Sept 12, 2022.
             Was a Follower of Trog.
             Slain by a gnoll
             ... wielding a +0 spear
              (2 damage)
             ... on level 3 of the Dungeon.
             The game lasted 00:00:42 (2206 turns).

qw the Chopper (Minotaur Berserker)                 Turns: 2206, Time: 00:00:42

Health: 0/39       AC: 11    Str: 23    XL:     4   Next: 26%
Magic:  3/3        EV:  8    Int:  4    God:    Trog [*.....]
Gold:   123        SH:  7    Dex: 10    Spells: 3/3 levels left

rFire   . . .      SeeInvis .   Y - +3 hand axe (freeze)
rCold   + + +      Faith    .   a - +0 kite shield
rNeg    . . .      Spirit   .   m - +4 scale mail of the Histrionic Tuna {*Slow Fly rC+++ Will++}
rPois   .          Reflect  .   (helmet restricted)
rElec   .          Harm     .   i - +0 cloak
rCorr   .          Rampage  .   (no gloves)
Will    ++...                   (no boots)
Stlth   ..........              (no amulet)
HPRegen 0.13/turn               (no ring)
MPRegen 0.08/turn               (no ring)

@: on berserk cooldown, flying, slowed, very slow
A: horns 2, retaliatory headbutt
a: Renounce Religion, Berserk


You were on level 3 of the Dungeon.
You worshipped Trog.
Trog was aware of your devotion.
You visited 1 branch of the dungeon, and saw 3 of its levels.

You collected 123 gold pieces.


Innate Abilities, Weirdness & Mutations

You have a pair of horns on your head.
You reflexively headbutt those who attack you in melee.


   Skills:
 - Level 3.6 Fighting
 - Level 5.7 Axes
 - Level 2.4 Armour
 - Level 2.1 Dodging
 + Level 2.1 Shields


You had 3 spell levels left.
You didn't know any spells.
Your spell library was empty.

Inventory:

Hand Weapons
 c - a +0 whip
 Y - a +3 hand axe of freezing (weapon)
Armour
 a - a +0 kite shield (worn)
 h - a +0 chain mail
 i - a +0 cloak (worn)
 m - the +4 scale mail of the Histrionic Tuna (worn) {*Slow Fly rC+++ Will++}
   (You found it on level 2 of the Dungeon)

   rC:        It renders you almost immune to cold.
   Fly:       It grants you flight.
   *Slow:     It may slow you when you take damage.
   Will:      It greatly increases your willpower.
Scrolls
 j - a scroll of identify
Potions
 f - a potion of cancellation {unknown}
 g - a potion of heal wounds {unknown}
 l - a potion of might {unknown}

Dungeon Overview and Level Annotations

Branches:
Dungeon (3/15)

Altars:


Message History

You have reached level 4!
You feel agile.
The gnoll hits you but does no damage. x2; You block the gnoll's attack.
The gnoll closely misses you.
You see here a +0 spear.
You hit the gnoll. You freeze the gnoll.
The gnoll is lightly wounded.
You closely miss the gnoll. The gnoll barely misses you.
The gnoll hits you with a +0 flail. The gnoll closely misses you.
You block the gnoll's attack.
You barely miss the gnoll.
The gnoll is lightly wounded.
You closely miss the gnoll. The gnoll barely misses you.
You furiously retaliate!
You headbutt the gnoll. The gnoll hits you with a +0 flail.
You closely miss the gnoll. Your headbutt misses the gnoll.
The gnoll is heavily wounded.
You hit the gnoll. You freeze the gnoll. The gnoll hits you with a +0 flail!
The gnoll completely misses you. The gnoll hits you but does no damage.
You block the gnoll's attack.
You closely miss the gnoll.
The gnoll is heavily wounded.
You hit the gnoll. You freeze the gnoll. You block the gnoll's attack.
The gnoll barely misses you. You furiously retaliate!
You headbutt the gnoll. The gnoll closely misses you.
The gnoll hits you with a +0 flail.
You closely miss the gnoll.
The gnoll is almost dead.
You hit the gnoll but do no damage. The gnoll barely misses you.
The gnoll hits you with a +0 flail! The gnoll barely misses you.
The gnoll hits you with a +0 spear!
You hit the gnoll. You freeze the gnoll.
You kill the gnoll!
Trog accepts your kill.
You hit the gnoll. You freeze the gnoll.
The gnoll hits you but does no damage. x2
Your Shields skill increases to level 2!
You barely miss the gnoll.
The gnoll is severely wounded.
The gnoll hits you with a +0 spear.
You die...

#.# #.# #.#
#.# #.# #.#
#.########
####)........
#.)@#########
......#g#
##### .S#
#.## #. #. #.
#.


You could see a gnoll and a ball python.

Vanquished Creatures
  3 gnolls (D:3)
  An adder (D:1)
  A worm (D:2)
  5 ball pythons
  8 endoplasms
  3 giant cockroaches
  2 goblins (D:1)
  3 hobgoblins (D:2)
  4 kobolds
  2 quokkas (D:2)
  3 bats
  4 frilled lizards
  4 rats (D:2)
43 creatures vanquished.

Vanquished Creatures (others)
  4 plants (D:3)
4 creatures vanquished.

Grand Total: 47 creatures vanquished

Notes
Turn   | Place    | Note
-------+----------+-------------------------------------------
     0 | D:1      | qw the Minotaur Berserker began the quest for the Orb.
     0 | D:1      | Reached XP level 1. HP: 19/19 MP: 0/0
     0 | D:1      | 0 ||| qw: Version: 0.1-a-119-g272c26d
     0 | D:1      | 0 ||| qw: Game counter: 11017
     0 | D:1      | 0 ||| qw: Always use a shield: true
     0 | D:1      | 0 ||| qw: Do Orc after D:15 true
     0 | D:1      | 0 ||| qw: Do second Lair branch before Depths: true
     0 | D:1      | 0 ||| qw: Lair rune preference: random
     0 | D:1      | 0 ||| qw: Plans: Normal
     0 | D:1      | 0 ||| PLANNING D:1-11
    72 | D:1      | Reached skill level 4 in Axes
   151 | D:1      | Reached XP level 2. HP: 26/26 MP: 1/1
   790 | D:1      | 790 ||| UPGRADING to +0 ring mail.
   800 | D:1      | 800 ||| DROPPING +0 animal skin.
   801 | D:1      | 801 ||| READING 3 scrolls labelled FAG XYESHU.
   802 | D:1      | 802 ||| READING 2 scrolls of enchant weapon.
   802 | D:1      | 802 ||| ENCHANTING +1 hand axe.
   803 | D:1      | 803 ||| READING scroll of enchant weapon.
   803 | D:1      | 803 ||| ENCHANTING +2 hand axe.
   804 | D:1      | 804 ||| READING scroll labelled FEMACAIMIM.
   847 | D:2      | 847 ||| STAIRDANCE
   851 | D:1      | Reached skill level 5 in Axes
   851 | D:1      | Reached XP level 3. HP: 31/31 MP: 2/2
  1283 | D:2      | 1283 ||| INVOKING Berserk.
  1782 | D:2      | Identified the +4 scale mail of the Histrionic Tuna {*Slow
                  | Fly rC+++ Will++}
  2087 | D:2      | 2087 ||| UPGRADING to +0 kite shield.
  2092 | D:2      | 2092 ||| UPGRADING to +0 chain mail.
  2102 | D:2      | 2102 ||| DROPPING +0 ring mail.
  2103 | D:2      | 2103 ||| UPGRADING to +0 cloak.
  2108 | D:2      | 2108 ||| UPGRADING to +4 scale mail of the Histrionic Tuna
                  | {*Slow Fly rC+++ Will++}.
  2118 | D:2      | 2118 ||| READING 2 scrolls labelled UTACUFA SYCA.
  2119 | D:2      | 2119 ||| READING scroll of brand weapon.
  2119 | D:2      | 2119 ||| BRANDING +3 hand axe of venom.
  2120 | D:2      | 2120 ||| READING 3 scrolls of identify.
  2120 | D:2      | 2120 ||| IDENTIFYING pink potion
  2121 | D:2      | 2121 ||| READING 2 scrolls of identify.
  2121 | D:2      | 2121 ||| IDENTIFYING sedimented orange potion
  2122 | D:2      | 2122 ||| DROPPING potion of attraction.
  2123 | D:2      | 2123 ||| DROPPING potion of magic.
  2189 | D:3      | 2189 ||| Stepping ~*~*~tactically~*~*~ (hiding).
  2190 | D:3      | 2190 ||| INVOKING Berserk.
  2195 | D:3      | Reached skill level 1 in Shields
  2199 | D:3      | Reached XP level 4. HP: 31/39 MP: 3/3
  2204 | D:3      | HP: 8/39 [gnoll/+0 flail (7)]
  2204 | D:3      | HP: 1/39 [gnoll/+0 spear (7)]
  2206 | D:3      | Slain by a gnoll

Levels and vault maps discovered:
D:1:      grunt_arrival_crossed_arrows, layout_loops_ring,
          ebering_dispersal_statue_hall, serial_park_tiny_1,
          minmay_crystal_room, minivault_24
D:2:      layout_basic
D:3:      layout_loops_ring, shapermc_ecumenical_altar_hornbeckon,
          corner_web_ring

Skill      XL: |  1  2  3  4 |
---------------+-------------+-----
Axes           | 4 5 |  5.7
Shields        | 1 2 |  2.1
Fighting       | |  3.6
Armour         | |  2.4
Dodging        | |  2.1

Action                   |  1- 3 |  4- 6 || total
-------------------------+-------+-------++-------
Melee: Hand axe          |    85 |     7 ||    92
       Headbutt          |     3 |       ||     3
Invok: Berserk           |     2 |       ||     2
  Use: Scroll            |     8 |       ||     8
Armor: Animal skin       |     8 |       ||     8
       Ring mail         |    17 |       ||    17
       Scale mail        |     4 |     5 ||     9
Dodge: Dodged            |    49 |     9 ||    58
Block: Kite shield       |     4 |     4 ||     8

Table legend:
 A = Non-vault XP
 B = Vault XP
 C = Vault XP percentage of total XP
 D = Non-vault monster count
 E = Vault monster count
 F = Vault count percentage of total count
                 A         B        C        D         E       F
            +---------+---------+-------+---------+---------+-------
      Total |     123 |       0 |   0.0 |      43 |       0 |   0.0
            +---------+---------+-------+---------+---------+-------
        D:1 |      44 |       0 |   0.0 |      20 |       0 |   0.0
        D:2 |      35 |       0 |   0.0 |      20 |       0 |   0.0
        D:3 |      44 |       0 |   0.0 |       3 |       0 |   0.0
            +---------+---------+-------+---------+---------+-------
